AoeStats
← Skaikru Raven

Arabia

510630569Analyzed
2v2 RM · 2d ago on Oct 1, 2026· 33m 35s· 4 players
Game mode
Random Map
Map size
Medium (4 player)
Population
200
Speed
Normal
Resources
Standard
Victory
Conquest
Starting age
Dark Age
Ending age
Imperial Age
RankedLock teamsTeams togetherTeam positionsShared explorationLock speedFull tech treeHidden civsTurbo modeCheats
Victory
Defeat
🇳🇱 Saracens · Netherlands
965
+34
🇳🇱 Huns · Netherlands
849
+16
🇫🇷 Khitans · France
866
-14
🇫🇷 Khmer · France
856
-14
Ujio.AF
0:34 Loom
12:13 Feudal Age
17:49 Castle Age
19:12 Double-Bit Axe
20:11 Husbandry
20:23 Bloodlines
27:38 Forging
27:34 Scale Barding Armor
30:59 Bow Saw
30:32 Horse Collar
31:23 Gold Mining
33:55 Iron Casting
33:41 Chain Barding Armor
Skaikru Raven
0:28 Loom
12:25 Feudal Age
18:23 Castle Age
31:06 Double-Bit Axe
m.fadl
8:45 Loom
11:08 Feudal Age
11:38 Horse Collar
11:47 Double-Bit Axe
19:53 Castle Age
18:04 Gold Mining
18:58 Bloodlines
19:55 Scale Barding Armor
20:56 Bow Saw
21:21 Husbandry
21:34 Forging
23:55 Town Watch
25:25 Chain Barding Armor
26:49 Iron Casting
31:50 Wheelbarrow
31:23 Town Patrol
33:24 Hand Cart
36:40 Imperial Age
34:26 Hand Cart
Colonel.HBL
1:54 Loom
9:51 Feudal Age
12:26 Double-Bit Axe
13:55 Fletching
19:38 Padded Archer Armor
24:02 Castle Age
23:20 Horse Collar
24:08 Crossbowman
25:06 Bodkin Arrow
25:26 Leather Archer Armor
26:37 Bloodlines
29:34 Scale Barding Armor
34:04 Gold Mining
Connection lost

Rejoining the realm…

Still unreachable

The connection could not be restored.

Session expired

The server has moved on; the page needs a fresh start.